 Dungeon Crawl Stone Soup version 0.30-b1-2-g02819fbbbe (webtiles) character file.

Game seed: 18297772611078153068

72 Arcadio the Covered (level 4, -1/40 HPs)
             Began as an Armataur Fighter on May 6, 2023.
             Was a Believer of Elyvilon.
             Slain by an orc
             ... wielding a +0 morningstar
              (3 damage)
             ... on level 3 of the Dungeon.
             The game lasted 00:03:21 (1978 turns).

Arcadio the Covered (Armataur Fighter)              Turns: 1978, Time: 00:03:22

Health: -1/40      AC:  7    Str: 23    XL:     4   Next: 7%
Magic:  2/4        EV:  7    Int:  8    God:    Elyvilon [**....]
Gold:   60         SH:  4    Dex: 10    Spells: 3/3 levels left

rFire   . . .        a - +0 long sword
rCold   . . .        c - +0 buckler
rNeg    . . .        b - +0 scale mail
rPois   .            (no helmet)
rElec   .            (no cloak)
rCorr   +            (no gloves)
SInv    .            (no barding)
Will    .....        (no amulet) Stlth
                     q - ring of resist corrosion
HPRegen 0.26/turn    (no ring)
MPRegen 0.09/turn

%: roll
@: no status effects
A: large, rugged brown scales 3, deformed body, armoured tail, roll, long
tongue, awkward tongue
a: Renounce Religion, Purification, Heal Other


You were on level 3 of the Dungeon.
You worshipped Elyvilon.
Elyvilon was pleased with you.
You visited 1 branch of the dungeon, and saw 3 of its levels.

You collected 60 gold pieces.

Inventory:

Hand Weapons
 a - a +0 long sword (weapon)
Armour
 b - a +0 scale mail (worn)
 c - a +0 buckler (worn)
Jewellery
 q - a ring of resist corrosion (left hand)
Wands
 p - a wand of polymorph (4)
Scrolls
 e - a scroll of butterflies {unknown}
 f - 2 scrolls of fear {unknown}
 g - 2 scrolls of blinking {unknown}
 i - 2 scrolls of immolation {unknown}
 j - a scroll of vulnerability {unknown}
 k - 3 scrolls of identify {unknown}
 l - 3 scrolls of fog {unknown}
 m - 5 scrolls of teleportation {unknown}
 n - a scroll of brand weapon {unknown}
Potions
 d - 2 potions of might
 h - 2 potions of berserk rage {unknown}
 o - a potion of heal wounds {unknown}


   Skills:
 + Level 3.4 Fighting
 + Level 2.6 Long Blades
 + Level 4.5 Armour
 - Level 3.2 Shields


You had 3 spell levels left.
You didn't know any spells.
Your spell library contained the following spells:

 Spells                   Type           Power      Damage    Failure   Level
 Poisonous Vapours        Pois/Air       0%         N/A       89%         2
 Mephitic Cloud           Conj/Pois/Air  0%         N/A       98%         3
 Freezing Cloud           Conj/Ice/Air   0%         6-21      100%        5


Dungeon Overview and Level Annotations

Branches:
Dungeon (3/15) Zot: 15968

Altars:
Elyvilon


Innate Abilities, Weirdness & Mutations

You are completely covered in rugged brown scales. (AC +3, +7% HP)
Armour fits poorly on your strangely shaped body.
You have a long armoured tail.
You roll when moving toward enemies. (Rampage)
Your long tongue fully drains potion bottles. (2x potion effects)
Your tongue gives you trouble enunciating. (1.5x scroll delay)


Message History

You barely miss the giant cockroach.
Your tail-slap misses the giant cockroach.
You feel sick.
The giant cockroach bites you but does no damage. x2
You barely miss the giant cockroach. You tail-slap the giant cockroach.
You kill the giant cockroach!
You feel sick.
You hit the kobold but do no damage.
You feel sick. The kobold hits you but does no damage.
You are more poisoned.
You hit the kobold.
You kill the kobold!
You feel sick. The orc hits you but does no damage.
You closely miss the orc.
You feel sick. The orc closely misses you.
You hit the orc but do no damage.
You feel sick. The orc hits you with a +0 club.
You barely miss the orc.
You feel sick. The orc hits you but does no damage. The orc closely misses you.
You barely miss the orc.
You feel sick. The orc hits you but does no damage.
You hit the orc.
The orc is moderately wounded.
You feel sick.
You are no longer poisoned.
The orc hits you with a +0 club.
You hit the orc.
You kill the orc!
The orc hits you with a +0 morningstar!
* * * LOW HITPOINT WARNING * * *
You hit the orc but do no damage. The orc hits you but does no damage.
You hit the orc but do no damage. The orc barely misses you.
You barely miss the orc.
You tail-slap the orc, but do no damage.
The orc hits you with a +0 morningstar.
* * * LOW HITPOINT WARNING * * *
The orc closely misses you.
Press: ? - help, Dir - move target, f - orc Heal: an orc, wielding a +0 morningstar and wearing a +0 leather armour (chance to pacify: 6%)
The light of Elyvilon fails to reach the orc.
The orc hits you with a +0 morningstar.
You die...

#.#.............).
#.#.............##
#.#.............##
#...............##
##...#####.......##
##..#.# ##########
###...#.# #
####..^#.#.# #
#....###@#.########
#
#.######o#.........
#>......w..........
###########w.......
#........ #........
#..$..... #########


You could see a worm and an orc.

Vanquished Creatures
  An adder (D:2)
  A dart slug (D:2)
  6 orcs (D:3)
  5 ball pythons
  4 bats
  8 endoplasms
  2 giant cockroaches
  6 goblins
  5 hobgoblins
  A quokka (D:2)
  3 frilled lizards
  5 kobolds
  2 rats
49 creatures vanquished.

Notes
Turn   | Place    | Note
-------+----------+-------------------------------------------
     0 | D:1      | Arcadio the Armataur Fighter began the quest for the Orb.
     0 | D:1      | Reached XP level 1. HP: 19/19 MP: 1/1
   136 | D:1      | Found a faded altar of an unknown god.
   143 | D:1      | Reached XP level 2. HP: 26/26 MP: 2/2
   178 | D:1      | Prayed at the altar of an unknown god.
   178 | D:1      | Became a worshipper of Elyvilon the Healer
   178 | D:1      | Reached * piety under Elyvilon
   379 | D:1      | Reached skill level 4 in Armour
   958 | D:2      | Reached ** piety under Elyvilon
  1028 | D:2      | Reached XP level 3. HP: 28/33 MP: 3/3
  1800 | D:3      | Reached XP level 4. HP: 12/40 MP: 4/4
  1977 | D:3      | HP: 1/40 [orc/+0 morningstar (4)]
  1978 | D:3      | Slain by an orc

Illustrated notes

Levels and vault maps discovered:
D:1:      dpeg_arrival_more_subterranean_lakeside_camping, layout_basic,
          shapermc_ecumenical_altar_totnotflames, minmay_cut_off
D:2:      layout_basic, minmay_splitting_lines
D:3:      layout_basic, uniq_grinder, uniq_crazy_yiuf_cottage

Skill      XL: |  1  2 |
---------------+-------+-----
Long Blades    | 2 |  2.6
Armour         | 4 |  4.5
Fighting       | 3 |  3.4
Shields        | |  3.2

Action                     |  1- 3 |  4- 6 || total
---------------------------+-------+-------++-------
  Melee: Long sword        |   151 |    14 ||   165
         Tailslap          |    15 |     2 ||    17
 Invoke: Heal Other        |       |     1 ||     1
 Armour: Scale mail        |    73 |    13 ||    86
  Dodge: Dodged            |    55 |     6 ||    61
  Block: Buckler           |    34 |       ||    34
